 Dungeon Crawl Stone Soup version 0.29.1-15-g9cfb28693d (webtiles) character file.

Game seed: 15681257616517190578

74 growler the Insei (level 4, 0/35 HPs)
             Began as a Draconian Transmuter on Feb 21, 2023.
             Slain by an orc wizard
             ... wielding a +2 dagger of protection
              (3 damage)
             ... on level 3 of the Dungeon.
             The game lasted 00:02:42 (1848 turns).

growler the Insei (Draconian Transmuter)            Turns: 1848, Time: 00:02:42

Health: 0/35       AC:  5    Str: 12    XL:     4   Next: 10%
Magic:  8/8        EV: 12    Int: 15    God:
Gold:   86         SH:  0    Dex: 12    Spells: 2/8 levels left

rFire   . . .      SeeInvis .     - Unarmed
rCold   . . .      Faith    .   (no shield)
rNeg    . . .      Spirit   .   (body armour unavailable)
rPois   .          Reflect  .   (helmet restricted)
rElec   .          Harm     .   (no cloak)
rCorr   .          Rampage  .   (no gloves)
Will    .....                   (no boots)
Stlth   +.........              (no amulet)
HPRegen 0.11/turn               (no ring)
MPRegen 0.11/turn               (no ring)

@: confused
A: AC +5, unfitting armour, cold-blooded
a: no special abilities


You were on level 3 of the Dungeon.
You visited 1 branch of the dungeon, and saw 3 of its levels.

You collected 86 gold pieces.

Inventory:

Jewellery
 o - the amulet of Onwigon {rElec rC- Regen+ rCorr Int+4 Slay-2}
   (You found it on level 2 of the Dungeon)

   [amulet of regeneration]

   Int:       It affects your intelligence (+4).
   Slay:      It affects your accuracy & damage with ranged weapons and melee
   (-2).
   rC:        It makes you vulnerable to cold.
   rElec:     It insulates you from electricity.
   Regen:     It increases your rate of health regeneration.
   rCorr:     It protects you from acid and corrosion.
Scrolls
 d - 2 scrolls of teleportation {unknown}
 e - a scroll of fear {unknown}
 f - a scroll of butterflies {unknown}
 g - a scroll of enchant armour {unknown}
 j - a scroll of poison {unknown}
 k - 2 scrolls of identify {unknown}
Potions
 a - 2 potions of lignification
 b - 2 potions of brilliance {unknown}
 c - 3 potions of curing {unknown}
 h - 2 potions of flight {unknown}
 i - a potion of degeneration {unknown}
 l - a potion of might {unknown}
 m - a potion of cancellation {unknown}
 n - a potion of heal wounds {unknown}


   Skills:
 - Level 1.1 Fighting
 - Level 1.7 Dodging
 + Level 3.8 Unarmed Combat
 + Level 2.8 Spellcasting
 + Level 3.0 Transmutations


You had 2 spell levels left.
You knew the following spells:

 Your Spells              Type           Power      Damage    Failure   Level
a - Beastly Appendage     Tmut           22%        N/A       6%          1
b - Wereblood             Tmut           11%        N/A       9%          2
c - Spider Form           Tmut/Pois      6%         N/A       32%         3

Your spell library contained the following spells:

 Spells                   Type           Power      Damage    Failure   Level
 Ice Form                 Ice/Tmut       6%         N/A       73%         4


Dungeon Overview and Level Annotations

Branches:
Dungeon (3/15)

Altars:


Innate Abilities, Weirdness & Mutations

Your plain brown scales are hard. (AC +5)
You cannot fit into any form of body armour.
You are cold-blooded and may be slowed by cold attacks.


Message History

The orc wizard flickers and vanishes!
Deactivating autopickup; reactivate with Ctrl-A.
The dart slug launches a dart at you. The slug dart hits you.
You hit the dart slug but do no damage. You claw the dart slug.
You headbutt the dart slug!
You kill the dart slug!
The orc misses you. Something hits you.
Your Transmutations skill increases to level 3!
You hit the orc. Your kick misses the orc. You headbutt the orc.
You kill the orc!
You closely miss something. You tail-slap something. Something hits you.
You closely miss something. Something hits you.
You hit something but do no damage. Your headbutt misses something.
Something hits you but does no damage.
You closely miss something. Your kick misses something.
Your punch misses something. Something hits you.
You closely miss something. Your kick misses something.
Something hits you but does no damage.
You miss something. Your kick misses something.
Your horns disappear.
Your talons disappear.
Something hits you.
* * * LOW HITPOINT WARNING * * *
You miss something.
You hear some strange, mumbled words.
You are confused.
You closely miss something. Something hits you but does no damage.
Unknown command.
You miss something.
Your tail-slap misses something.
You hear some strange, mumbled words.
A magic dart appears from out of thin air!
The magic dart hits you.
* * * LOW HITPOINT WARNING * * *
Unknown command.
You barely miss something. Something completely misses you.
You bump into the rock wall.
Something hits you but does no damage.
You see here a +0 short sword.
Unknown command.
You're too confused to move!
Something hits you.
You die...

#....[..# #.......#
########### #.......#
##.........#######.....##
.......................##
#.........######.(...[.#
.## #.......÷.# #.......#
...#.........######.......#
#.#........@............##
#...(....>†<#######.<..##
.#######.........# #.####
..............#### #..
....######.##.# #.
...#.......##... #.
...........####... .#
#.#.......# ..... .
#......$..# .... #


There were no monsters in sight!

Vanquished Creatures
  An orc wizard (D:2)
  An adder (D:2)
  2 worms (D:2)
  A dart slug (D:3)
  3 orcs (D:3)
  4 bats (D:2)
  An endoplasm (D:1)
  2 goblins (D:1)
  3 hobgoblins
  4 quokkas
  2 frilled lizards (D:1)
  3 kobolds
  4 rats
31 creatures vanquished.

Notes
Turn   | Place    | Note
-------+----------+-------------------------------------------
     0 | D:1      | growler the Draconian Transmuter began the quest for the
                  | Orb.
     0 | D:1      | Reached XP level 1. HP: 16/16 MP: 3/3
   607 | D:1      | Reached XP level 2. HP: 23/23 MP: 5/5
   613 | D:1      | Learned a level 2 spell: Wereblood
   750 | D:2      | Found a faded altar of an unknown god.
  1106 | D:2      | Reached XP level 3. HP: 28/28 MP: 6/6
  1110 | D:2      | Learned a level 3 spell: Spider Form
  1276 | D:2      | Identified the amulet of Onwigon {rElec rC- Regen+ rCorr
                  | Int+4 Slay-2}
  1524 | D:2      | HP: 1/28 [something/puff of flame (11)]
  1527 | D:2      | Reached XP level 4. HP: 2/35 MP: 6/8
  1848 | D:3      | Slain by an orc wizard

Illustrated notes

Levels and vault maps discovered:
D:1:      heliophobic_arrival_henge, layout_basic
D:2:      layout_loops_ring, shapermc_ecumenical_altar_pompeii,
          minmay_tetromino_s2
D:3:      layout_rooms, serial_shops, nicolae_shop_statue_plus,
          roderic_nine_men_s_morris

Skill      XL: |  1  2  3  4 |
---------------+-------------+-----
Transmutations | 3 |  3.0
Fighting       | |  1.1
Dodging        | |  1.7
Unarmed Combat | |  3.8
Spellcasting   | |  2.8

Action                   |  1- 3 |  4- 6 || total
-------------------------+-------+-------++-------
Melee: Unarmed           |   105 |    15 ||   120
       Tailslap          |    10 |     1 ||    11
       Punch             |     3 |       ||     3
       Kick              |     9 |     3 ||    12
       Headbutt          |     8 |     3 ||    11
 Cast: Beastly Appendage |     7 |     1 ||     8
Armor: Skin              |    48 |     6 ||    54
Dodge: Dodged            |    85 |     6 ||    91
